Map: Acid Plant LE

Players

Probe

  • Race: Protoss Protoss
  • Spawn Location: 11:00

LiquidTLO (TLO) - Winner!

  • Race: Zerg Zerg
  • Spawn Location: 5:00

Event: WCS Austin 2018

VOD

Have the link to the VOD?

Description

Time

  • Played on: June 1, 2018, 8:37 p.m.
  • Length: 12:54

All games in this series

Show
View Real Time Build Order
Export as new Build Order

Probe Protoss 

Build Orders: 1 Gate Expand, Oracle Opening, Phoenix Opening 

Get SALT Encoding   

  12  0:00  Probe  
  13  0:13  Probe  
  14  0:18  Pylon  
  14  0:24  Probe  
  15  0:33  Probe  
  15  0:38  Gateway  
  15  0:41  Probe  
  16  0:47  Assimilator  
  17  0:51  Probe  
  18  1:03  Probe  
  19  1:15  Probe  
  20  1:25  Nexus  
  20  1:34  Cybernetics Core  
  20  1:36  Probe  
  21  1:43  Assimilator  
  21  1:48  Probe  
  21  1:51  Pylon  
  22  2:00  Probe  
  23  2:01  Adept  
  23  2:08  Probe  
  26  2:16  Probe  
  26  2:20  Stargate  
  26  2:21  Adept  
  27  2:27  Probe  
  30  2:34  Warp Gate  
  31  2:37  Probe  
  31  2:39  Probe  
  32  2:44  Adept  
  32  2:50  Probe  
  36  2:51  Probe  
  36  2:57  Phoenix  
  36  3:02  Probe  
  36  3:03  Probe  
  40  3:07  Pylon  
  40  3:15  Probe  
  40  3:18  Probe  
  42  3:25  Oracle  
  42  3:27  Probe  
  43  3:30  Probe  
  47  3:35  Gateway  
  47  3:36  Pylon  
  47  3:39  Gateway  
  47  3:41  Probe  
  48  3:46  Probe  
  49  3:49  Pylon  
  49  3:53  Probe  
  50  3:56  Oracle  
  50  3:59  Assimilator  
  50  4:01  Assimilator, Probe  
  51  4:05  Probe  
  55  4:13  Probe  
  55  4:16  Twilight Council  
  56  4:17  Probe  
  56  4:20  Pylon  
  57  4:25  Probe  
  57  4:26  Pylon  
  58  4:38  Adept  
  58  4:39  Adept x2, Resonating Glaives  
  58  4:41  Probe x2  
  66  4:53  Probe  
  66  4:54  Nexus  
  66  4:56  Pylon  
  66  4:57  Probe  
  68  5:14  Probe  
  69  5:18  Adept x3  
  75  5:21  Robotics Facility  
  75  5:31  Robotics Facility  
  75  5:34  Probe x2  
  77  5:38  Adept x2  
  77  5:39  Adept  
  83  5:46  Pylon  
  83  5:49  Gateway  
  83  5:51  Gateway  
  83  6:00  Shield Battery  
  83  6:03  Sentry x3  
  89  6:07  Probe  
  89  6:10  Immortal x2  
  90  6:15  Gateway  
  90  6:17  Gateway  
  98  6:28  Sentry  
  98  6:29  Sentry, Adept  
  104  6:40  Immortal  
  104  6:41  Immortal  
  92  6:55  Adept  
  92  6:56  Adept x3  
  92  6:58  Probe  
  99  7:11  Adept  
  99  7:17  Adept x2  
  99  7:20  Immortal  
  106  7:23  Immortal  
  106  7:25  Pylon x2  
  96  7:37  Adept  
  96  7:38  Adept  
  100  7:48  Adept x4  
  108  7:55  Probe  
  108  7:58  Pylon  
  108  7:59  Immortal  
  108  8:05  Adept x3  
  118  8:14  Observer, Probe  
  118  8:17  Probe  
  118  8:18  Sentry  
  123  8:22  Probe  
  124  8:27  Probe  
  124  8:29  Probe  
  124  8:33  Adept  
  128  8:34  Probe  
  128  8:36  Charge, Pylon  
  128  8:39  Probe  
  130  8:41  Probe  
  130  8:46  Probe  
  132  8:50  Immortal  
  132  8:54  Sentry, Immortal, Probe  
  140  8:57  Pylon  
  140  8:59  Pylon  
  140  9:05  Pylon  
  140  9:06  Pylon  
  140  9:09  Assimilator x2  
  140  9:18  Templar Archives  
  140  9:20  Probe  
  140  9:27  Probe  
  126  9:38  Stalker  
  126  9:39  Stalker x5  
  126  9:41  Probe  
  132  9:45  Probe  
  132  9:48  Immortal  
  137  10:03  Stalker x2  
  141  10:08  Probe x2  
  141  10:10  Probe  
  144  10:15  Stalker x2  
  144  10:16  Stalker  
  144  10:20  Probe  
  148  10:24  Probe x2  
  150  10:30  Stalker x2  
  150  10:31  High Templar x2  
  150  10:34  Observer  
  159  10:37  Archon  
  159  10:47  Zealot x3  
  159  10:48  Psionic Storm  
  160  10:57  Immortal  
  160  11:08  Zealot, Adept  
  164  11:13  Zealot x2  
  168  11:21  Nexus  
  168  11:31  Probe  
  167  11:43  Probe  
  167  11:44  High Templar x2  
  167  11:45  Zealot, High Templar x2  
  167  11:46  Zealot x2  
  154  11:49  Probe  
  154  11:52  Forge  
  153  11:54  Pylon  
  153  11:56  Observer  
  154  12:07  Zealot  
  154  12:08  Zealot x2  
  157  12:18  Probe  
  148  12:27  Zealot x4  
  134  12:35  Zealot x3  
  134  12:36  Probe  
  113  12:41  Probe  
  100  12:47  High Templar  
  100  12:48  Zealot, High Templar x2  
Show
View Real Time Build Order
Export as new Build Order

LiquidTLO Zerg - Winner!

Build Orders: Hatch First 

Get SALT Encoding   

  12  0:00  Drone  
  13  0:07  Drone  
  14  0:16  Overlord  
  14  0:34  Drone  
  14  0:35  Drone  
  16  0:47  Hatchery  
  15  0:52  Drone  
  15  0:54  Drone  
  17  0:58  Drone  
  18  1:05  Extractor  
  17  1:13  Spawning Pool  
  17  1:17  Drone  
  17  1:21  Drone  
  18  1:29  Drone  
  19  1:40  Drone  
  20  1:50  Drone  
  21  2:00  Queen x2, Zergling x2  
  21  2:01  Overlord  
  26  2:07  Metabolic Boost  
  26  2:13  Drone x2  
  28  2:20  Drone  
  29  2:32  Hatchery  
  28  2:40  Queen  
  28  2:43  Overlord  
  30  2:46  Zergling x2  
  30  2:48  Drone  
  32  2:53  Drone  
  32  2:55  Drone  
  32  2:57  Drone  
  35  3:05  Drone  
  36  3:06  Drone  
  36  3:09  Drone x2  
  36  3:10  Overlord  
  39  3:12  Drone  
  39  3:19  Queen  
  41  3:23  Drone  
  42  3:29  Queen  
  42  3:30  Drone  
  45  3:35  Overlord, Drone  
  45  3:37  Drone  
  45  3:40  Drone  
  48  3:42  Drone  
  48  3:44  Drone  
  48  3:45  Overlord  
  50  3:52  Spore Crawler  
  50  3:53  Spore Crawler  
  50  3:54  Drone x2  
  50  3:55  Drone  
  51  3:58  Spore Crawler  
  50  4:03  Drone x2  
  50  4:05  Drone  
  50  4:06  Drone x2  
  55  4:12  Lair  
  55  4:16  Drone  
  59  4:17  Drone x2, Roach Warren  
  59  4:20  Drone x2  
  59  4:22  Drone  
  59  4:23  Drone  
  59  4:24  Drone  
  64  4:26  Extractor  
  64  4:27  Drone  
  64  4:28  Extractor  
  62  4:32  Zergling x2  
  62  4:34  Drone  
  62  4:36  Overlord  
  62  4:38  Drone  
  65  4:43  Overlord  
  65  4:50  Overlord  
  65  4:57  Overlord  
  65  5:01  Roach  
  65  5:02  Roach x4  
  65  5:04  Roach  
  65  5:05  Roach  
  79  5:08  Roach  
  81  5:14  Roach  
  81  5:16  Roach x2  
  81  5:17  Glial Reconstitution  
  85  5:22  Extractor x2  
  85  5:24  Spore Crawler, Overlord  
  82  5:29  Pneumatized Carapace, Drone  
  82  5:30  Drone  
  82  5:31  Drone  
  82  5:33  Drone x2  
  82  5:35  Drone  
  88  5:38  Roach  
  88  5:42  Queen  
  92  5:43  Drone  
  92  5:45  Drone x2  
  92  5:49  Roach  
  97  5:52  Evolution Chamber, Roach  
  97  5:54  Overlord  
  98  5:58  Overlord  
  98  6:10  Overlord  
  98  6:11  Overlord  
  98  6:12  Spore Crawler  
  98  6:13  Roach  
  98  6:14  Roach  
  98  6:15  Roach  
  98  6:17  Roach x2  
  106  6:19  Roach  
  106  6:20  Roach  
  110  6:30  Ravager x2  
  110  6:31  Ravager x2  
  116  6:33  Roach  
  116  6:35  Roach x2  
  116  6:39  Roach  
  122  6:40  Roach  
  122  6:42  Roach  
  122  6:43  Roach x2  
  122  6:45  Roach  
  122  6:46  Roach  
  128  6:49  Roach  
  128  6:54  Roach x2  
  126  6:56  Roach  
  126  6:57  Roach  
  126  6:58  Roach  
  126  6:59  Roach  
  122  7:02  Roach x2  
  124  7:09  Roach  
  124  7:15  Overlord, Queen  
  126  7:19  Overlord  
  128  7:27  Roach x2  
  124  7:30  Roach  
  124  7:31  Roach  
  124  7:32  Roach x3  
  124  7:35  Roach  
  126  7:39  Roach x3  
  126  7:40  Roach x3  
  126  7:41  Roach  
  138  7:45  Roach  
  138  7:46  Roach  
  138  7:49  Roach  
  146  7:51  Roach  
  146  7:55  Overlord  
  146  7:59  Overlord, Roach  
  146  8:04  Overlord, Hydralisk Den  
  146  8:05  Overlord  
  140  8:06  Overlord  
  140  8:07  Roach  
  140  8:11  Overlord  
  138  8:14  Drone  
  138  8:15  Drone  
  138  8:16  Baneling Nest  
  138  8:17  Roach  
  137  8:23  Roach, Drone  
  137  8:25  Ravager  
  137  8:26  Ravager x2  
  141  8:30  Roach  
  141  8:31  Roach  
  145  8:37  Grooved Spines  
  145  8:40  Drone  
  146  8:51  Drone  
  146  8:53  Hatchery  
  146  8:56  Hydralisk x2  
  146  9:00  Hydralisk  
  152  9:06  Hydralisk x2  
  152  9:09  Hydralisk  
  158  9:14  Extractor  
  157  9:17  Hydralisk x2  
  157  9:20  Drone  
  157  9:21  Drone  
  157  9:22  Hydralisk  
  165  9:25  Hydralisk  
  163  9:32  Hydralisk x2  
  163  9:36  Hydralisk  
  167  9:43  Hydralisk  
  167  9:44  Hydralisk  
  151  9:50  Drone  
  151  9:52  Muscular Augments  
  144  9:57  Drone  
  144  9:58  Drone x13  
  144  9:59  Baneling Nest  
  157  10:01  Hydralisk  
  157  10:02  Hydralisk  
  157  10:06  Hydralisk  
  157  10:12  Drone  
  157  10:13  Hydralisk  
  157  10:14  Hydralisk  
  162  10:19  Zergling x6  
  162  10:20  Zergling x2  
  169  10:24  Zergling x2  
  169  10:26  Extractor, Zergling x2  
  169  10:27  Centrifical Hooks, Zergling x2  
  171  10:29  Zerg Missile Weapons Level 1  
  171  10:31  Evolution Chamber, Zergling x2  
  171  10:32  Zergling x2  
  171  10:33  Hydralisk  
  174  10:38  Zergling x6  
  174  10:40  Baneling x4  
  174  10:41  Zergling x2  
  178  10:44  Zergling x2  
  178  10:46  Baneling  
  178  10:47  Baneling  
  179  10:54  Hydralisk x2  
  181  10:58  Zergling x8  
  181  11:01  Baneling  
  181  11:03  Zergling x2  
  186  11:05  Zergling x2  
  187  11:11  Baneling x6  
  187  11:13  Zergling x4  
  187  11:15  Zergling x2  
  190  11:20  Hatchery  
  190  11:22  Zergling x4  
  190  11:24  Baneling x5  
  190  11:25  Baneling  
  191  11:27  Overlord  
  191  11:29  Overlord  
  191  11:34  Overlord  
  188  11:43  Hydralisk  
  188  11:46  Hydralisk x2  
  183  11:47  Hydralisk x2  
  183  11:49  Drone  
  181  11:55  Hydralisk x2  
  181  11:58  Zergling x2  
  181  11:59  Zergling x2  
  181  12:00  Zergling x2  
  186  12:01  Zergling x2  
  186  12:07  Hydralisk x2  
  186  12:08  Infestation Pit, Hydralisk  
  193  12:12  Overlord  
  192  12:16  Baneling x6  
  192  12:19  Hydralisk  
  164  12:35  Roach  
Tags
 
Add a new tag
Caveats
  • Supply blocks, unpowered buildings, or Contaminate may cause inaccurate times.
  • Supply counts are checked every 10 seconds.